 Dungeon Crawl Stone Soup version 0.24-a0-292-g5c6fb1cd70 (webtiles) character file.

Game seed: 17715575552584246312

1451 HAL9000 the Covert (level 8, -2/36 HPs)
             Began as a Spriggan Enchanter on May 11, 2019.
             Was an Initiate of Dithmenos.
             Killed from afar by an orc (14 damage)
             ... with an iceblast
             ... on level 6 of the Dungeon.
             The game lasted 00:17:00 (6211 turns).

HAL9000 the Covert (Spriggan Enchanter)             Turns: 6211, Time: 00:17:01

Health: -2/36      AC:  5    Str:  4    XL:     8   Next: 47%
Magic:  10/13      EV: 20    Int: 18    God:    Dithmenos [......]
Gold:   18         SH:  0    Dex: 17    Spells: 6/12 levels left

rFire    . . .     SeeInvis +   a - +1 dagger
rCold    . . .     Gourm    .   (shield restricted)
rNeg     + . .     Faith    .   u - +2 robe {rN+}
rPois    .         Spirit   .   (helmet restricted)
rElec    .         Reflect  .   p - +0 cloak
rCorr    .         Harm     .   (gloves unavailable)
MR       +....                  (boots unavailable)
Stlth    +++++.....             (no amulet)
HPRegen  0.12/turn              h - +2 ring of evasion
MPRegen  0.13/turn              E - +2 ring of slaying

@: lethally poisoned (-2 -> -5), very slightly contaminated, very quick
A: very small, unfitting armour, see invisible, herbivore, speed 3, slow
metabolism 2
a: Renounce Religion


You were on level 6 of the Dungeon.
You worshipped Dithmenos.
Dithmenos was noncommittal.
You were hungry.

You visited 2 branches of the dungeon, and saw 7 of its levels.

You collected 278 gold pieces.
You spent 260 gold pieces at shops.

Inventory:

Hand Weapons
 a - a +1 dagger (weapon)
Missiles
 m - 11 tomahawks (quivered)
 n - 6 javelins
Armour
 p - a +0 cloak (worn)
 u - a +2 robe of positive energy (worn)
Magical Staves
 D - an uncursed staff of air {unknown}
Jewellery
 h - a +2 ring of evasion (left hand)
 k - a +2 ring of strength
 v - an uncursed ring of poison resistance
 E - a +2 ring of slaying (right hand)
Wands
 w - a wand of iceblast (10)
Scrolls
 c - 5 scrolls of remove curse {unknown}
 e - 2 scrolls of fear {unknown}
 j - 2 scrolls of random uselessness {unknown}
 l - 6 scrolls of identify {unknown}
 o - 2 scrolls of teleportation {unknown}
 s - a scroll of fog {unknown}
 t - a scroll of immolation {unknown}
 x - a scroll of enchant weapon {unknown}
 y - a scroll of silence {unknown}
 A - 2 scrolls of amnesia {unknown}
 B - a scroll of enchant armour {unknown}
Potions
 b - a potion of cancellation {unknown}
 f - 2 potions of curing {unknown}
 g - 4 potions of lignification {unknown}
 i - 5 potions of flight {unknown}
 q - a potion of heal wounds {unknown}
 r - a potion of haste
 z - a potion of invisibility {unknown}
 C - a potion of might {unknown}
Comestibles
 d - 16 rations


   Skills:
 + Level 7.2 Short Blades
 - Level 3.0 Dodging
 - Level 10.7 Stealth
 + Level 2.9 Spellcasting
 - Level 7.1 Hexes


You had 6 spell levels left.
You knew the following spells:

 Your Spells              Type           Power        Failure   Level  Hunger
a - Corona                Hex            ####...      1%          1    None
b - Ensorcelled Hibernat  Hex/Ice        ###...       6%          2    ##.....
c - Confuse               Hex            ####....     2%          3    ###....

Your spell library contained the following spells:

 Spells                   Type           Power        Failure   Level  Hunger
 Tukima's Dance           Hex            ####....     2%          3    ###....
 Dazzling Spray           Conj/Hex       ###...       12%         3    ###....


Dungeon Overview and Level Annotations

Branches:
Dungeon (6/15)             Temple (1/1) D:4

Altars:
Cheibriados
Dithmenos
Elyvilon
Gozag
Hepliaklqana
Kikubaaqudgha
Makhleb
Nemelex Xobeh
Okawaru
Ru
Sif Muna
Trog
Vehumet
Zin
The Shining One

Shops:
D:5 %   D:6 [


Innate Abilities, Weirdness & Mutations

You are very small and have problems with some larger weapons.
You are too small for most types of armour.
You have supernaturally acute eyesight. (SInv)
You are a herbivore.
You cover ground extremely quickly.
You need to consume almost no food.


Message History

The orc zaps a wand.
The mass of ice explodes!
The iceblast engulfs you!
A worker ant comes into view.
The worker ant moves out of view.
You see here a +0 dagger.
Casting: Confuse (safe; 2% risk of failure)
Confirm with . or Enter, or press ? or * to list all spells.
Aiming: Confuse (safe; 2% risk of failure)
Press: ? - help, Shift-Dir - straight line, f - orc
Aim: an orc, wielding a +0 club and carrying a wand of iceblast (6) (chance to defeat MR: 73%)
You miscast Confuse.
You are very lightly contaminated with residual magic.
You feel off-balance for a moment.
You are feeling hungry.
The worker ant bites you.
You are poisoned.
The worker ant poisons you!
You see here a +0 dagger.
You feel sick.
The orc zaps a wand.
The mass of ice explodes!
The iceblast engulfs you!
You die...

......#.##.....#
.....##.####'######
####...........>..#
# #.....######...#
# #.....#
#......+.....# #
#.....#
#.##...#.....## #
#.....#
#.######.......
#######
#...[.##.......
#####@##.......
####)##.#.#.#
..##....a.Z....##
......o...###...#
.###....#.#?#.#.###
#......#.#......
#..#.........#.#
#.....##.##.....
#...###.#...#.###.


You could see a worker ant and an orc.

Vanquished Creatures
  Sigmund (D:4)
  A water moccasin (D:6)
  An orc warrior (D:6)
  A black bear (D:3)
  A phantom (D:5)
  A sky beast (D:4)
  A centaur (D:5)
  An ogre (D:5)
  Blork the orc (D:4)
  3 orc priests
  4 hounds
  A jelly (D:6)
  Jessica (D:3)
  A worker ant (D:4)
  Natasha (twice) (D:4)
  An orc wizard (D:6)
  Robin (D:3)
  8 adders
  A shadow imp (D:4)
  3 oozes
  3 worms (D:2)
  5 dart slugs (D:1)
  5 leopard geckos
  14 orcs
  2 bat zombies (D:2)
  8 giant cockroaches
  20 goblins
  11 hobgoblins
  2 quokkas (D:3)
  8 bats
  4 frilled lizards
  6 kobolds
  A quokka skeleton (D:6)
  4 rats
  2 rat zombies (D:2)
130 creatures vanquished.

Notes
Turn   | Place    | Note
-------+----------+-------------------------------------------
     0 | D:1      | HAL9000 the Spriggan Enchanter began the quest for the Orb.
     0 | D:1      | Reached XP level 1. HP: 9/9 MP: 5/5
   344 | D:1      | Reached XP level 2. HP: 8/13 MP: 2/6
   349 | D:1      | Learned a level 2 spell: Ensorcelled Hibernation
   911 | D:1      | Reached skill level 5 in Hexes
  1027 | D:1      | Reached XP level 3. HP: 16/16 MP: 8/8
  1284 | D:2      | Learned a level 3 spell: Confuse
  1458 | D:2      | Found an ancient bone altar of Kikubaaqudgha.
  1593 | D:2      | Reached XP level 4. HP: 21/21 MP: 6/9
  1986 | D:2      | Found a faded altar of an unknown god.
  2156 | D:3      | Noticed Jessica
  2167 | D:3      | Killed Jessica
  2443 | D:3      | Noticed a black bear
  2463 | D:3      | Killed a black bear
  2463 | D:3      | Reached XP level 5. HP: 21/24 MP: 7/10
  2551 | D:3      | Noticed Robin
  2608 | D:3      | HP: 1/24 [goblin[Robin] (3)]
  2676 | D:3      | HP: 1/24 [goblin[Robin] (4)]
  3214 | D:3      | Killed Robin
  3214 | D:3      | Reached XP level 6. HP: 23/28 MP: 8/11
  3413 | D:3      | Noticed an orc warrior
  3933 | D:3      | Found an opulent altar of Gozag.
  4071 | D:4      | Noticed Blork the orc
  4080 | D:4      | Killed Blork the orc
  4080 | D:4      | Reached skill level 5 in Short Blades
  4080 | D:4      | Reached skill level 5 in Stealth
  4169 | D:4      | Noticed Natasha
  4170 | D:4      | Noticed a sky beast
  4178 | D:4      | Killed Natasha
  4200 | D:4      | Killed a sky beast
  4200 | D:4      | Reached skill level 6 in Stealth
  4200 | D:4      | Reached XP level 7. HP: 29/32 MP: 5/12
  4238 | D:4      | Noticed Natasha
  4250 | D:4      | Killed Natasha
  4298 | D:4      | Found a staircase to the Ecumenical Temple.
  4307 | Temple   | Entered the Ecumenical Temple
  4353 | Temple   | Became a worshipper of Dithmenos the Shadowed
  4416 | D:4      | Found a snail-covered altar of Cheibriados.
  4438 | D:4      | Found a burning altar of Makhleb.
  4475 | D:4      | Noticed Sigmund
  4493 | D:4      | Killed Sigmund
  4493 | D:4      | Reached skill level 7 in Stealth
  4684 | D:5      | Entered Level 5 of the Dungeon
  4718 | D:5      | Found a glowing golden altar of the Shining One.
  5064 | D:5      | Reached skill level 8 in Stealth
  5115 | D:5      | Reached XP level 8. HP: 19/36 MP: 5/13
  5198 | D:5      | Reached skill level 9 in Stealth
  5218 | D:5      | Found a sacrificial altar of Ru.
  5263 | D:5      | Found Goenehig's Food Boutique.
  5268 | D:5      | Bought a ration for 65 gold pieces
  5268 | D:5      | Bought a ration for 65 gold pieces
  5268 | D:5      | Bought a ration for 65 gold pieces
  5268 | D:5      | Bought a ration for 65 gold pieces
  5719 | D:6      | Found a hazy altar of Hepliaklqana.
  5724 | D:6      | Reached skill level 10 in Stealth
  5892 | D:6      | Found Rownar's Armour Boutique.
  6211 | D:6      | Killed from afar by an orc

Levels and vault maps discovered:
D:1:      lightli_arrival_statuegarden, layout_basic
D:2:      layout_loops_ring, lemuel_zombie_altar_kikubaaqudgha,
          chequers_ecumenical_altar_grove, patterned_corridor
D:3:      layout_basic, grunt_gozag_breadcrumbs, minmay_diced_spiral,
          uniq_jessica, uniq_robin
D:4:      layout_cave_pools, cheibriados_altar_1, minmay_temple_entry_ruins,
          first_ration, makhleb_blood_cavern_becter, uniq_natasha, uniq_sigmund,
          uniq_blork_the_orc
D:5:      layout_gridville, tso_metal_star, nicolae_ru_sacrificial_ziggurat,
          serial_shops, shop, corexii_corridor_pit
D:6:      layout_basic, ashenzari_altar_1, old_standard_altar, serial_shops,
          kennysheep_little_box, gup_sewer_entry_bowl, minmay_fractal_squares_5
Temple:   jpeg_temple_island

Skill      XL: |  1  2  3  4  5  6  7  8 |
---------------+-------------------------+-----
Hexes          | 4 5 6 7 |  7.1
Short Blades   | 3 5 6 7 |  7.2
Stealth        | 6 8 10 | 10.7
Dodging        | |  3.0
Spellcasting   | |  2.9

Action                   |  1- 3 |  4- 6 |  7- 9 || total
-------------------------+-------+-------+-------++-------
Melee: Dagger            |   117 |   284 |   145 ||   546
Throw: Tomahawk          |       |       |     2 ||     2
 Cast: Corona            |     8 |       |       ||     8
       Ensorcelled Hiber |    24 |    15 |    12 ||    51
       Confuse           |     1 |    18 |    16 ||    35
 Stab: Sleeping          |    18 |    21 |    15 ||    54
       Confused          |       |    15 |    12 ||    27
  Eat: Ration            |       |     3 |     2 ||     5
Armor: Robe              |     8 |    28 |    10 ||    46
Dodge: Dodged            |   102 |   207 |    79 ||   388

Table legend:
 A = Non-vault XP
 B = Vault XP
 C = Vault XP percentage of total XP
 D = Non-vault monster count
 E = Vault monster count
 F = Vault count percentage of total count
                 A         B        C        D         E       F
            +---------+---------+-------+---------+---------+-------
      Total |    1537 |     537 |  25.9 |     103 |      27 |  20.8
            +---------+---------+-------+---------+---------+-------
        D:1 |      49 |       0 |   0.0 |      24 |       0 |   0.0
        D:2 |      62 |       6 |   8.8 |      14 |       4 |  22.2
        D:3 |     313 |      99 |  24.0 |      32 |      18 |  36.0
        D:4 |     213 |     390 |  64.7 |       6 |       4 |  40.0
        D:5 |     520 |       0 |   0.0 |      15 |       0 |   0.0
        D:6 |     380 |      42 |  10.0 |      12 |       1 |   7.7
            +---------+---------+-------+---------+---------+-------
